 Dungeon Crawl Stone Soup version 0.32-a0-933-ga8fa3634e4 (webtiles) character file.

Game seed: 3823172305204190610

51 Meejax the Slasher (level 3, 0/28 HPs)
             Began as a Demonspawn Gladiator on Apr 14, 2024.
             Succumbed to Sigmund's poison
             ... on level 2 of the Dungeon.
             The game lasted 00:01:34 (1851 turns).

Meejax the Slasher (Demonspawn Gladiator)           Turns: 1851, Time: 00:01:35

Health: 0/28       AC:  5    Str: 14    XL:     3   Next: 57%
Magic:  3/3        EV: 11    Int:  8    God:
Gold:   136        SH:  0    Dex: 16    Spells: 2/2 levels left

rFire   . . .        a - +0 long sword
rCold   . . .        (no shield)
rNeg    . . .        b - +0 leather armour
rPois   .            c - +0 helmet
rElec   .            (no cloak)
rCorr   .            l - +0 pair of gloves
SInv    .            (no boots)
Will    +....        (no amulet)
Stlth   +            (no ring)
HPRegen 0.24/turn    (no ring)
MPRegen 0.08/turn

%: no passive effects
@: lethally poisoned (0 -> -9), enlightened, flying
A: ignite blood 1
a: no special abilities


You were on level 2 of the Dungeon.
You visited 1 branch of the dungeon, and saw 2 of its levels.

You collected 136 gold pieces.

Inventory:

Hand Weapons
 a - a +0 long sword (weapon)
Missiles
 e - a javelin
Armour
 b - a +0 leather armour (worn)
 c - a +0 helmet (worn)
 l - a +0 pair of gloves (worn)
Jewellery
 m - a ring of see invisible
Scrolls
 g - 2 scrolls of identify {unknown}
 h - 2 scrolls of poison {unknown}
 j - a scroll of teleportation {unknown}
 k - a scroll of summoning {unknown}


   Skills:
 + Level 2.4 Fighting
 + Level 3.3 Long Blades
 + Level 1.9 Throwing
 + Level 1.2 Armour
 + Level 3.0 Dodging
 + Level 0.1 Stealth


You had 2 spell levels left.
You didn't know any spells.
Your spell library contained the following spells:

 Spells                   Type           Power      Damage    Failure   Level
 Anguish                  Hex/Necr       0%         N/A       99%         4
 Cause Fear               Hex            0%         N/A       99%         4
 Enfeeble                 Hex            0%         N/A       100%        7


Dungeon Overview and Level Annotations

Branches:
Dungeon (2/15)

Altars:

Annotations:
D:2 Sigmund


Innate Abilities, Weirdness & Mutations

Your demonic aura sometimes causes spilled blood to erupt in flames.


Message History

No target in view!
Sigmund the Dreaded comes into view.
He is wielding a +2 scythe of venom.
Found 9 gold pieces.
Sigmund shouts!
Sigmund misses you.
Throw: 3 throwing nets
Press: ? - help, Q - select action, (/) - cycle Shift-Dir - straight line, f - Sigmund
Aim: Sigmund, wielding a +2 scythe of venom and wearing a +0 robe (53% to hit)
You throw a throwing net. The throwing net barely misses Sigmund.
Sigmund hits you from afar with a +2 scythe of venom.
You are poisoned.
Unknown command.
Throw: 2 throwing nets
Press: ? - help, Q - select action, (/) - cycle Shift-Dir - straight line, f/p - Sigmund
Aim: Sigmund, wielding a +2 scythe of venom and wearing a +0 robe (53% to hit)
You throw a throwing net. The throwing net barely misses Sigmund.
You feel sick.
Unknown command.
Throw: throwing net
Press: ? - help, Q - select action, (/) - cycle Shift-Dir - straight line, f/p - Sigmund
Aim: Sigmund, wielding a +2 scythe of venom and wearing a +0 robe (53% to hit)
You throw a throwing net.
The throwing net closely misses Sigmund.
You feel sick.
Sigmund hits you from afar with a +2 scythe of venom.
You are more poisoned.
It was a potion of enlightenment.
You feel very buoyant.
You fly up into the air.
You feel very sick. Sigmund casts a spell at you. The puff of flame hits you!
* * * LOW HITPOINT WARNING * * *
You enter a dispersal trap!
Sigmund blinks! x3; You blink.
* * * LOW HITPOINT WARNING * * *
You feel very sick.
As you read the scroll labelled MYBICVOGUS, it crumbles to dust.
You assume a fearsome visage.
Sigmund looks frightened!
It was a scroll of fear.
You die...

....###..........#..#
#.# #. ....#
#..#.#######..# #.#
## .####
#..#.#........# #.#
†# ...#.#........#
#.# .#
#..#.#...@....# #.#
.# ##......^# #.#####
.# +.§...§.#
####...... .#
#.##......##
#......### ##
.......@.§# #......#
# ######. #.#########
#......# # ....#..
#......# # .##.#.#
##########......# #
......#
#.....†........[###
.#....+
#.####......#.#....
.#.>### #.#
#......#.#.###
......# #.#
#......#.#.# ....#.#
#.# #......#.#.#


You could see Sigmund (fleeing).

Vanquished Creatures
  2 adders (D:2)
  2 ribbon worms (D:2)
  2 bats
  4 endoplasms
  A giant cockroach (D:1)
  3 goblins (D:1)
  2 hobgoblins
  2 kobolds
  2 quokkas (D:2)
  3 ball pythons
  2 frilled lizards
  2 rats (D:1)
27 creatures vanquished.

Notes
Turn   | Place    | Note
-------+----------+-------------------------------------------
     0 | D:1      | Meejax the Demonspawn Gladiator began the quest for the
                  | Orb.
     0 | D:1      | Reached XP level 1. HP: 16/16 MP: 1/1
   503 | D:1      | Gained mutation: Your demonic aura sometimes causes spilled
                  | blood to erupt in flames. [demonic ancestry]
   503 | D:1      | Reached XP level 2. HP: 22/22 MP: 2/2
  1481 | D:2      | Reached skill level 1 in Armour
  1481 | D:2      | Reached XP level 3. HP: 25/28 MP: 3/3
  1841 | D:2      | Noticed Sigmund
  1851 | D:2      | Succumbed to Sigmund's poison

Illustrated notes

Levels and vault maps discovered:
D:1:      psy_arrival_radial02, layout_loops_corners
D:2:      layout_basic, uniq_sigmund

Skill      XL: |  1  2  3 |
---------------+----------+-----
Long Blades    | 3 |  3.3
Armour         | 1 |  1.2
Dodging        | 3 |  3.0
Fighting       | |  2.4
Throwing       | |  1.9
Stealth        | |  0.1

Action                     || total
---------------------------++-------
  Melee: Long sword        ||    97
  Throw: Throwing net      ||     3
    Use: Scroll            ||     1
         Potion            ||     1
   Stab: Sleeping          ||     2
 Armour: Leather armour    ||    66
  Dodge: Dodged            ||    75

Table legend: (Time is in decaauts)
 A = Elapsed time spent in this place.
 B = Non-inter-level travel time spent in this place.
 C = Inter-level travel time spent in this place.
 D = Time resting spent in this place.
 E = Time spent auto-exploring this place.
 F = Levels seen in this place.
 G = Mean time per level.
                   A        B        C        D        E       F      G
               +--------+--------+--------+--------+--------+-----+--------+
         Total |   1875 |   1844 |     31 |     67 |   1520 |   2 |  937.5 |
       Dungeon |   1875 |   1844 |     31 |     67 |   1520 |   2 |  937.5 |
               +--------+--------+--------+--------+--------+-----+--------+

Top non-repeatable levels by time:
     D:1: 1308 daAuts
     D:2: 567 daAuts
